 Dungeon Crawl Stone Soup version 0.25-a0-420-g1cc7eeb0d1 (webtiles) character file.

Game seed: 9093217843063917131, levelgen mode: deterministic

7595 Kohma the Blocker (level 10, -8/77 HPs)
             Began as a Minotaur Fighter on Jan 18, 2020.
             Was a Believer of Qazlal.
             Mangled by a six-headed hydra (11 damage)
             ... on level 9 of the Dungeon.
             The game lasted 00:22:30 (9356 turns).

Kohma the Blocker (Minotaur Fighter)                Turns: 9356, Time: 00:22:31

Health: -8/77      AC: 17    Str: 23    XL:     10   Next: 97%
Magic:  0/9        EV:  9    Int:  5    God:    Qazlal [**....]
Gold:   579        SH: 17    Dex: 11    Spells: 9/9 levels left

rFire    + . .     SeeInvis .   a - +1 war axe
rCold    . . .     Gourm    .   c - +1 shield
rNeg     . . .     Faith    .   k - +3 scale mail {MR+}
rPois    +         Spirit   +   (helmet restricted)
rElec    .         Reflect  .   o - +2 cloak
rCorr    .         Harm     .   q - +2 pair of gloves
MR       +....                  r - +0 pair of boots
Stlth    ..........             C - amulet of guardian spirit
HPRegen  0.22/turn              m - ring of protection from fire
MPRegen  0.11/turn              y - ring of poison resistance

@: no status effects
A: retaliatory headbutt, horns 2
a: Upheaval, Renounce Religion


You were on level 9 of the Dungeon.
You worshipped Qazlal.
Qazlal was pleased with you.
You were very hungry.

You visited 3 branches of the dungeon, and saw 11 of its levels.

You collected 579 gold pieces.

Inventory:

Hand Weapons
 a - a +1 war axe (weapon)
 e - a +0 battleaxe
Missiles
 j - 16 poisoned darts (quivered)
 I - 2 silver javelins
 K - a throwing net
Armour
 c - a +1 shield (worn)
 k - a +3 scale mail of magic resistance (worn)
 o - a +2 cloak (worn)
 q - a +2 pair of gloves (worn)
 r - a +0 pair of boots (worn)
Jewellery
 m - a ring of protection from fire (left hand)
 y - a ring of poison resistance (right hand)
 C - an amulet of guardian spirit (around neck)
 E - an uncursed ring of resist corrosion
Wands
 h - a wand of flame (10)
 s - a wand of disintegration (12)
 D - a wand of digging (8)
 L - a wand of paralysis (6)
Scrolls
 g - a scroll of blinking
 v - 3 scrolls of teleportation
 F - a scroll of immolation {unknown}
 G - a scroll of magic mapping
 H - a scroll of remove curse
Potions
 b - 2 potions of ambrosia
 d - 7 potions of curing
 i - 2 potions of degeneration {unknown}
 l - a potion of agility
 p - a potion of haste
 t - a potion of mutation
 u - 2 potions of brilliance
 w - a potion of heal wounds {unknown}
 x - 2 potions of flight {unknown}
 z - a potion of cancellation {unknown}
 A - a potion of resistance {unknown}
 B - 3 potions of lignification
Comestibles
 f - 30 rations


   Skills:
 - Level 3.6 Fighting
 + Level 13.4 Axes
 - Level 4.2 Throwing
 - Level 3.6 Armour
 + Level 13.7 Shields


You had 9 spell levels left.
You didn't know any spells.
Your spell library contained the following spells:

 Spells                   Type           Power        Failure   Level  Hunger
 Magic Dart               Conj           #...         83%         1    ##.....
 Blink                    Tloc           N/A          93%         2    ###....
 Call Imp                 Summ           #.......     93%         2    ###....
 Slow                     Hex            #.......     93%         2    ###....
 Confusing Touch          Hex            #.......     99%         3    ####...
 Conjure Flame            Conj/Fire      #.......     99%         3    ####...
 Gell's Gravitas          Tloc           #.........   99%         3    ####...
 Mephitic Cloud           Conj/Pois/Air  #.......     99%         3    ####...
 Petrify                  Tmut/Erth      #.......     100%        4    #####..
 Metabolic Englaciation   Hex/Ice        #.........   100%        5    ######.
 Yara's Violent Unravell  Hex/Tmut       #.........   100%        5    ######.


Dungeon Overview and Level Annotations

Branches:
Dungeon (9/15)             Temple (1/1) D:7            Lair (1/6) D:9
    Orc: D:9-12

Altars:
Ashenzari
Cheibriados
Dithmenos
Elyvilon
Fedhas
Gozag
Hepliaklqana
Kikubaaqudgha
Makhleb
Nemelex Xobeh
Okawaru
Qazlal
Ru
Sif Muna
Trog
Uskayaw
Vehumet
Wu Jian
Xom
Yredelemnul
Zin
The Shining One

Shops:
D:5 =

Annotations:
D:5 2 runed translucent doors, ChaosChampion's ghost, amateur DrCj


Innate Abilities, Weirdness & Mutations

You reflexively headbutt those who attack you in melee.
You have a pair of horns on your head.


Message History

The six-headed hydra bites you but does no damage.
The six-headed hydra closely misses you.
Evoke which item? (* to show all) (? for menu, Esc to quit)
Aiming: Paralyse
Press: ? - help, Shift-Dir - straight line, f/p - six-headed hydra
Aim: a six-headed hydra (lightly wounded, chance to defeat MR: 15%)
The six-headed hydra resists with almost no effort.
The six-headed hydra bites you but does no damage.
You block the six-headed hydra's attack.
The six-headed hydra bites you but does no damage. x2
You block the six-headed hydra's attack.
The six-headed hydra barely misses you.
Evoke which item? (* to show all) (? for menu, Esc to quit)
Aiming: Phantom Mirror
Press: ? - help, Dir - move target cursor, f/p - six-headed hydra
Aim: a six-headed hydra (lightly wounded)
You reflect the six-headed hydra with the mirror, and the mirror shatters!
You block the six-headed hydra's attack. x2
The six-headed hydra bites you!
You die...

###.≈..P#.#..# ###....#
#P≈P≈P≈PP.#..# ##......#
.P≈≈P≈P≈≈.#..####....[..#
P≈♣♣♣♣♣♣≈....#......_..##
P≈≈♣ ♣≈≈P.....###.....#
P≈P♣♣♣♣≈P.#.#### #.....#
.≈≈≈P♣≈≈≈P#.# ###.###
..≈≈≈≈PP....########.#
..≈P.≈....#...>.@DD.(#
#.P###################
####


You could see a six-headed hydra and a friendly six-headed hydra.

Vanquished Creatures
  A two-headed ogre (D:9)
  An elephant (D:9)
  A spiny frog (D:9)
  2 trolls
  5 slime creatures
  A hippogriff (D:9)
  Sigmund (D:3)
  2 basilisks (D:9)
  Menkaure (D:3)
  Edmund (D:6)
  A water moccasin (D:6)
  3 porcupines (Lair:1)
  2 ice beasts
  2 orc warriors
  A sky beast (D:6)
  A black bear (D:9)
  4 phantoms
  4 ogres
  A necrophage (D:5)
  3 centaurs
  2 crocodiles
  7 bullfrogs
  4 scorpions
  A howler monkey (D:4)
  3 crimson imps
  A bullfrog zombie (D:8)
  A centaur zombie (D:5)
  3 hounds
  3 bullfrog skeletons
  A jelly (D:9)
  Crazy Yiuf (D:6)
  A centaur skeleton (D:4)
  4 orc priests
  9 orc wizards
  Jessica (D:3)
  3 iguanas (D:9)
  Terence (D:3)
  2 worker ants
  A hound zombie (D:8)
  3 hound skeletons
  A worker ant zombie (D:9)
  7 gnolls
  2 howler monkey skeletons
  9 adders
  2 shadow imps
  2 adder skeletons
  3 worms
  6 leopard geckos
  19 orcs
  A ball python (D:3)
  6 giant cockroaches
  14 goblins
  12 hobgoblins
  7 jackals (D:3)
  8 quokkas
  A ball python zombie (D:5)
  5 bats
  4 frilled lizards
  2 jackal skeletons
  A jackal zombie (D:8)
  4 kobolds (D:3)
  A leopard gecko zombie (D:6)
  A quokka zombie (D:9)
  5 rats
  A plant (D:4)
214 creatures vanquished.

Notes
Turn   | Place    | Note
-------+----------+-------------------------------------------
     0 | D:1      | Kohma the Minotaur Fighter began the quest for the Orb.
     0 | D:1      | Reached XP level 1. HP: 19/19 MP: 0/0
   455 | D:1      | Reached XP level 2. HP: 25/26 MP: 1/1
   586 | D:2      | Reached skill level 1 in Throwing
   704 | D:2      | Reached XP level 3. HP: 31/31 MP: 2/2
  1283 | D:3      | Reached XP level 4. HP: 39/39 MP: 3/3
  1649 | D:3      | Noticed Terence
  1653 | D:3      | Killed Terence
  1694 | D:3      | Noticed Jessica
  1705 | D:3      | Reached XP level 5. HP: 42/45 MP: 4/4
  1708 | D:3      | Killed Jessica
  1938 | D:3      | Noticed Sigmund
  1954 | D:3      | Killed Sigmund
  1954 | D:3      | Reached skill level 5 in Shields
  1954 | D:3      | Reached XP level 6. HP: 4/51 MP: 5/5
  2442 | D:4      | Noticed Menkaure
  2458 | D:3      | Killed Menkaure
  2458 | D:3      | Reached skill level 5 in Axes
  2613 | D:3      | Reached XP level 7. HP: 56/57 MP: 6/6
  2753 | D:4      | Found a basalt altar of Yredelemnul.
  2930 | D:4      | Found a hide-covered altar of Uskayaw.
  3356 | D:5      | Entered Level 5 of the Dungeon
  3531 | D:5      | Reached XP level 8. HP: 51/64 MP: 7/7
  3694 | D:5      | Found a large runed translucent door.
  3695 | D:5      | Found a large runed translucent door.
  3732 | D:5      | Noticed ChaosChampion's ghost (amateur DrCj)
  4236 | D:5      | Found Agreadi's Jewellery Boutique.
  5018 | D:6      | Found a shimmering blue altar of Sif Muna.
  5328 | D:6      | Reached XP level 9. HP: 70/70 MP: 8/8
  5333 | D:6      | Found a runed translucent door.
  5334 | D:6      | Noticed Crazy Yiuf
  5346 | D:6      | Killed Crazy Yiuf
  5346 | D:6      | Reached skill level 10 in Shields
  5422 | D:6      | Noticed Edmund
  5452 | D:6      | Killed Edmund
  5888 | D:7      | Reached skill level 10 in Axes
  5912 | D:7      | Found a staircase to the Ecumenical Temple.
  5933 | Temple   | Entered the Ecumenical Temple
  5999 | Temple   | Became a worshipper of Qazlal Stormbringer
  6094 | D:7      | Found an ancient bone altar of Kikubaaqudgha.
  6094 | D:7      | Found a snail-covered altar of Cheibriados.
  6201 | D:7      | Found a white marble altar of Elyvilon.
  6456 | D:8      | Found a sacrificial altar of Ru.
  6459 | D:8      | Noticed a troll
  6471 | D:8      | Killed a troll
  6597 | D:8      | Found a glowing silver altar of Zin.
  6901 | D:8      | Reached * piety under Qazlal
  7367 | D:9      | Found a shattered altar of Ashenzari.
  7374 | D:9      | Reached XP level 10. HP: 75/77 MP: 7/9
  7957 | D:9      | Noticed an elephant
  7981 | D:9      | Killed an elephant
  8093 | D:9      | Found a staircase to the Lair.
  8139 | D:9      | Found a shimmering altar of Xom.
  8159 | D:9      | Reached ** piety under Qazlal
  8455 | D:9      | Noticed a two-headed ogre
  8461 | D:9      | Killed a two-headed ogre
  8742 | Lair:1   | Entered Level 1 of the Lair of Beasts
  8742 | Lair:1   | Noticed a spiny frog
  8753 | D:9      | Killed a spiny frog
  9018 | Lair:1   | Noticed a four-headed hydra
  9354 | D:9      | HP: 3/77 [six-headed hydra (11)]
  9356 | D:9      | Mangled by a six-headed hydra

Levels and vault maps discovered:
D:1:      zelgadis_glass_arrival_small, layout_basic, minivault_11
D:2:      layout_loops_ring, first_ration
D:3:      layout_loops_ring, uniq_jessica, uniq_terence, uniq_sigmund
D:4:      wad_woods_stonehenge, layout_rooms, eat_drink_and_be_merry_uskayaw,
          minmay_circle_x, uniq_menkaure
D:5:      layout_gridville, serial_shops, shop, ebering_ghost_disaster_area
D:6:      wander_river, layout_basic, lemuel_doored_altar, uniq_edmund,
          uniq_crazy_yiuf_cottage
D:7:      layout_rooms, gammafunk_temple_overflow_elements,
          minmay_temple_entry_mist, elyvilon_altar_1
D:8:      layout_rooms, nicolae_ru_great_annihilating_truth, basic_altar
D:9:      layout_loops_ring, nicolae_overflow_crystal_walls, david_lair_generic,
          basic_altar, grunt_ogre_cave, serial_bayou_pond_c,
          minmay_fractal_squares_5
Temple:   nicolae_temple_x_marks_the_god
Lair:1:   cheibrodos_lair_river_kwai, layout_big_grid, gammafunk_lair_bear_cave

Skill      XL: |  1  2  3  4  5  6  7  8  9 10 |
---------------+-------------------------------+-----
Shields        | 4 5 6 7 9 11 13 | 13.7
Axes           | 3 4 5 7 9 11 13 | 13.4
Throwing       | 1 2 3 4 |  4.2
Fighting       | |  3.6
Armour         | |  3.6

Action                   |  1- 3 |  4- 6 |  7- 9 | 10-12 || total
-------------------------+-------+-------+-------+-------++-------
Melee: War axe           |    73 |    90 |   396 |   156 ||   715
       Headbutt          |    14 |     9 |    74 |    45 ||   142
Throw: Dart              |       |       |       |    12 ||    12
Evoke: Wand              |       |       |       |    12 ||    12
       Phantom mirror    |       |       |       |     1 ||     1
  Use: Potion            |       |     2 |       |     1 ||     3
       Scroll            |       |       |    16 |     1 ||    17
 Stab: Paralysed         |       |       |     1 |       ||     1
  Eat: Chunk             |     1 |     5 |    15 |     5 ||    26
Armor: Scale mail        |    37 |    35 |   128 |    51 ||   251
Dodge: Dodged            |    18 |    23 |   105 |    37 ||   183
Block: Shield            |    36 |    37 |   218 |   130 ||   421

Table legend:
 A = Non-vault XP
 B = Vault XP
 C = Vault XP percentage of total XP
 D = Non-vault monster count
 E = Vault monster count
 F = Vault count percentage of total count
                 A         B        C        D         E       F
            +---------+---------+-------+---------+---------+-------
      Total |    7575 |    3276 |  30.2 |     185 |      28 |  13.1
            +---------+---------+-------+---------+---------+-------
        D:1 |      17 |       0 |   0.0 |      10 |       0 |   0.0
        D:2 |      72 |       0 |   0.0 |      25 |       0 |   0.0
        D:3 |     110 |     569 |  83.8 |      31 |       7 |  18.4
        D:4 |     379 |     136 |  26.4 |       5 |       6 |  54.5
        D:5 |     428 |       0 |   0.0 |      17 |       0 |   0.0
        D:6 |    1290 |     211 |  14.1 |      34 |       2 |   5.6
        D:7 |     512 |       0 |   0.0 |       8 |       0 |   0.0
        D:8 |    2140 |      47 |   2.1 |      27 |       4 |  12.9
        D:9 |    2096 |    2313 |  52.5 |      24 |       9 |  27.3
     Lair:1 |     531 |       0 |   0.0 |       4 |       0 |   0.0
            +---------+---------+-------+---------+---------+-------
